 Dungeon Crawl Stone Soup version bcrawl-1.21.3-2-g9d8a61a446 (webtiles) character file.

Game seed: 12025414287136829812

112 Chiseanne the Ducker (level 4, 0/34 HPs)
             Began as a Demonspawn Archaeologist on Apr 18, 2020.
             Was an Initiate of Makhleb.
             Slain by a gnoll
             ... wielding a cursed -1 spear
              (2 damage)
             ... on level 3 of the Dungeon.
             The game lasted 00:05:42 (1940 turns).

Chiseanne the Ducker (Demonspawn Archaeologist)     Turns: 1940, Time: 00:05:43

Health: 0/34       AC:  9    Str: 11    XL:     4   Next: 63%
Magic:  4/4        EV: 24    Int: 17    God:    Makhleb [......]
Gold:   194        SH:  0    Dex: 11    Spells: 3/3 levels left

rFire    . . .     SeeInvis .   a - +4 dagger
rCold    . . .     Gourm    .   (no shield)
rNeg     . . .     Faith    .   r - +0 scale mail
rPois    +         Spirit   .   c - +1 hat
rElec    .         Reflect  .   (no cloak)
rCorr    .         Harm     .   (no gloves)
MR       .....                  d - +1 pair of boots
Stlth    +.........             l - amulet of the acrobat
HPRegen  0.11/turn              s - ring of poison resistance
MPRegen  0.09/turn              (no ring)

@: no status effects
A: powered by death 1
a: Renounce Religion


You were on level 3 of the Dungeon.
You worshipped Makhleb.
Makhleb was noncommittal.
You were not hungry.

You visited 1 branch of the dungeon, and saw 3 of its levels.

You collected 194 gold pieces.

Inventory:

Hand Weapons
 a - a +4 dagger (weapon)
 o - a cursed -3 short sword
Missiles
 b - 565 arrows
 k - 333 stones (quivered)
 m - 206 bolts
 n - 197 sling bullets
Armour
 c - a +1 hat (worn)
 d - a +1 pair of boots (worn)
 r - a +0 scale mail (worn)
Jewellery
 l - an amulet of the acrobat (around neck)
 s - a ring of poison resistance (left hand)
Scrolls
 g - a scroll of magic mapping
 i - a scroll of teleportation
 p - a scroll of amnesia {unknown}
 q - a scroll of enchant armour {unknown}
Potions
 h - a potion of haste {unknown}
Miscellaneous
 f - a dusty tome
Comestibles
 e - 2 rations {!d}
 j - 10 chunks of flesh


   Skills:
 * Level 2.7 Fighting
   Level 0.8 Maces & Flails
 * Level 1.7 Armour
 * Level 3.6 Dodging
 - Level 3.0 Stealth
 + Level 0.7 Invocations


You had 3 spell levels left.
You didn't know any spells.
Your spell library was empty.

Dungeon Overview and Level Annotations

Branches:
Dungeon (3/12)

Altars:
Makhleb


Innate Abilities, Weirdness & Mutations

You regenerate a little health from kills.


Message History

The gnoll is moderately wounded.
The gnoll hits you but does no damage. x2
You barely miss the gnoll.
The gnoll is moderately wounded.
The gnoll hits you but does no damage. The worm bites you!
You hit the gnoll.
The gnoll is heavily wounded.
The gnoll hits you with a +1 flail of holy wrath.
You convulse.
The gnoll closely misses you.
You hit the gnoll but do no damage.
The gnoll is heavily wounded.
The gnoll hits you with a cursed -1 spear.
The gnoll hits you with a +1 flail of holy wrath.
* * * LOW HITPOINT WARNING * * *
You convulse.
* * * LOW HITPOINT WARNING * * *
The worm bites you.
* * * LOW HITPOINT WARNING * * *
The gnoll hits you from afar with a cursed -1 spear.
You die...

#).......#
#........# #. .#
#.....##.# ... .# #
##.#####.# #.# .# #
##.......# #.# .# #
#.....#### #.# .# #
#.....# # #)# .####
# #.....#
#.##.##....# #
#.....#
#....@.g##.### #
#.....#
####.#gw......
###.### #.#K.#...#.
####.# #.#)## .##
#....#########.#..
.#
#.#####........#...
..
#.#####.########..#.
. #....##.# #.###.
####.##.## ... ..


You could see a worm, 2 gnolls and a kobold.

Vanquished Creatures
  Terence (D:2)
  An adder (D:2)
  An ooze (D:2)
  4 worms
  2 dart slugs
  3 leopard geckos
  5 orcs (D:3)
  8 bats
  A giant cockroach (D:1)
  7 hobgoblins
  2 jackals (D:1)
  A ball python (D:1)
  A frilled lizard (D:2)
  4 goblins (D:1)
  8 kobolds
  8 rats
57 creatures vanquished.

Notes
Turn   | Place    | Note
-------+----------+-------------------------------------------
     0 | D:1      | Chiseanne the Demonspawn Archaeologist began the quest for
                  | the Orb.
     0 | D:1      | Reached XP level 1. HP: 15/15 MP: 1/1
   209 | D:1      | Gained mutation: You regenerate a little health from kills.
                  | [demonic ancestry]
   209 | D:1      | Reached XP level 2. HP: 21/21 MP: 2/2
   664 | D:1      | Reached XP level 3. HP: 27/27 MP: 3/3
  1049 | D:2      | Reached skill level 1 in Armour
  1468 | D:2      | Found a burning altar of Makhleb.
  1493 | D:2      | Noticed a blizzard demon
  1496 | D:2      | Noticed a ynoxinul
  1496 | D:2      | Noticed a neqoxec
  1498 | D:2      | Became a worshipper of Makhleb the Destroyer
  1531 | D:2      | Reached XP level 4. HP: 29/34 MP: 4/4
  1677 | D:2      | Noticed Terence
  1683 | D:2      | Killed Terence
  1940 | D:3      | Slain by a gnoll

Skill      XL: |  1  2  3 |
---------------+----------+-----
Dodging        | 3 |  3.6
Fighting       | 2 |  2.7
Armour         | 1 |  1.7
Maces & Flails | |  0.8
Stealth        | |  3.0
Invocations    | |  0.7

Action                   |  1- 3 |  4- 6 || total
-------------------------+-------+-------++-------
Melee: Whip              |    79 |       ||    79
       Dagger            |   121 |    52 ||   173
  Use: Scroll            |     2 |       ||     2
 Stab: Sleeping          |     2 |       ||     2
  Eat: Chunk             |     2 |     2 ||     4
Armor: Robe              |    35 |       ||    35
       Ring mail         |    58 |     2 ||    60
       Scale mail        |       |    16 ||    16
Dodge: Dodged            |   119 |    24 ||   143
